SAA
VIRGINIA BEACH WHALES @ ST. PETERSBURG THUNDER
08/12/2041
 
TOP OF THE 1ST
Virginia Beach Whales batting - Pitching for St. Petersburg Thunder : RHP Lorenzo Carregosa
Pitching: RHP Lorenzo Carregosa
Batting: RHB Óscar Cardozo 0-0: Foul Ball, location: 2F
0-1: Called Strike
0-2: Strikes out swinging
Batting: RHB Juan Oleastro 0-0: Called Strike
0-1: Swinging Strike
0-2: Foul Ball, location: 2F
0-2: Foul Ball, location: 2F
0-2: Ball
1-2: SINGLE (Line Drive, 4D, EV 104.4 MPH)
Batting: RHB Doug Chapman 0-0: Ball
1-0: Fly out, F5 (Line Drive, 5, EV 66.2 MPH)
Batting: RHB Pat Geldart 0-0: Foul Ball, location: 2F
0-1: Ball
1-1: Ball
2-1: Swinging Strike
2-2: Fielders Choice at 2nd, 6-4 (Groundball, 6, EV 88.8 MPH)
Top of the 1st over - 0 runs, 1 hit, 0 errors, 1 left on base; Virginia Beach 0 - St. Petersburg 0
BOTTOM OF THE 1ST
St. Petersburg Thunder batting - Pitching for Virginia Beach Whales : RHP Jesús Ríos
Pitching: RHP Jesús Ríos
Batting: LHB Lorenzo Ortíz 0-0: SINGLE (Groundball, 6M, EV 97.5 MPH)
Batting: LHB Caspar Fewings 0-0: Called Strike
0-1: Foul Ball, location: 2F
0-2: Ball
1-2: Strikes out swinging
Batting: LHB Tippi Degré 0-0: Ball
Lorenzo Ortíz steals 2nd base
1-0: Fly out, F7 (Flyball, 78S, EV 91.9 MPH)
Batting: SHB Fernando Urby 0-0: Ball
1-0: Swinging Strike
1-1: Swinging Strike
1-2: SINGLE (Flyball, 8LS, EV 95.0 MPH)
Lorenzo Ortíz to third
Runner from 3rd tries for Home, SAFE, no throw by CF
Batting: RHB Gene Blanton 0-0: Ball
1-0: Called Strike
1-1: SINGLE (Line Drive, 7S, EV 104.4 MPH)
Fernando Urby to second
Batting: LHB Carlos Leyva 0-0: Ball
1-0: Ball
2-0: Ball
3-0: Foul Ball, location: 2F
3-1: Foul Ball, location: 2F
3-2: Base on Balls
Fernando Urby to third
Gene Blanton to second
Batting: RHB Alfred Coleman 0-0: Ball
1-0: Ball
2-0: Ball
3-0: Called Strike
3-1: Base on Balls
Fernando Urby scores
Gene Blanton to third
Carlos Leyva to second
Batting: SHB Tekkan Hayagawa 0-0: Called Strike
0-1: Ball
1-1: Ball
2-1: Foul Ball, location: 2F
2-2: Ball
3-2: Ground out U3 (Groundball, 34S, EV 82.5 MPH)
Bottom of the 1st over - 2 runs, 3 hits, 0 errors, 3 left on base; Virginia Beach 0 - St. Petersburg 2
TOP OF THE 2ND
Virginia Beach Whales batting - Pitching for St. Petersburg Thunder : RHP Lorenzo Carregosa
Batting: RHB Dave Thomas 0-0: Foul Ball, location: 2F
0-1: Ground out 4-3 (Groundball, 4, EV 85.0 MPH)
Batting: RHB Paul Pitts 0-0: Called Strike
0-1: Ball
1-1: Called Strike
1-2: Ball
2-2: Ball
3-2: Foul Ball, location: 2F
3-2: Foul Ball, location: 2F
3-2: Foul Ball, location: 2F
3-2: Fly out, F7 (Line Drive, 7, EV 98.1 MPH)
Batting: LHB Keith Pick 0-0: Called Strike
0-1: Swinging Strike
0-2: Ball
1-2: Foul Ball, location: 2F
1-2: Foul Ball, location: 2F
1-2: Foul Ball, location: 2F
1-2: Foul Ball, location: 2F
1-2: Ball
2-2: Foul Ball, location: 2F
2-2: Ball
3-2: SINGLE (Groundball, 6MS, EV 79.4 MPH) (infield hit)
Batting: LHB Henry Head 0-0: Ball
1-0: Foul Ball, location: 2F
1-1: Ball
2-1: Ground out 1-3 (Groundball, 34S, EV 88.8 MPH)
Top of the 2nd over - 0 runs, 1 hit, 0 errors, 1 left on base; Virginia Beach 0 - St. Petersburg 2
BOTTOM OF THE 2ND
St. Petersburg Thunder batting - Pitching for Virginia Beach Whales : RHP Jesús Ríos
Batting: RHB David Filmer 0-0: Ball
1-0: Ground out 5-3 (Groundball, 56, EV 94.4 MPH)
Batting: LHB Lorenzo Ortíz 0-0: Fly out, F7 (Flyball, 7D, EV 101.2 MPH)
Batting: LHB Caspar Fewings 0-0: Foul Ball, location: 2F
0-1: Called Strike
0-2: Ball
1-2: Ball
2-2: Strikes out swinging, 2-3 out at first.
Bottom of the 2nd over - 0 runs, 0 hits, 0 errors, 0 left on base; Virginia Beach 0 - St. Petersburg 2
TOP OF THE 3RD
Virginia Beach Whales batting - Pitching for St. Petersburg Thunder : RHP Lorenzo Carregosa
Batting: LHB Asberry Harpending 0-0: Ball
1-0: Ball
2-0: Called Strike
2-1: Ball
3-1: Base on Balls
Batting: RHB Óscar Cardozo 0-0: Called Strike
0-1: Called Strike
0-2: Foul Ball, location: 2F
0-2: Foul Ball, location: 2F
0-2: Ball
1-2: Ball
2-2: Strikes out swinging
Batting: RHB Juan Oleastro 0-0: Ball
1-0: Called Strike
1-1: Swinging Strike
1-2: Ball
2-2: Foul Ball, location: 2F
2-2: SINGLE (Groundball, 4MD, EV 97.5 MPH)
Asberry Harpending to second
Batting: RHB Doug Chapman 0-0: Ball
1-0: Foul Ball, location: 2F
1-1: Ball
2-1: Fly out, F6 (Line Drive, 6, EV 71.9 MPH)
Batting: RHB Pat Geldart 0-0: Foul Ball, location: 2F
0-1: Ball
1-1: Foul Ball, location: 2F
1-2: Fly out, F9 (Flyball, 9, EV 90.0 MPH)
Top of the 3rd over - 0 runs, 1 hit, 0 errors, 2 left on base; Virginia Beach 0 - St. Petersburg 2
BOTTOM OF THE 3RD
St. Petersburg Thunder batting - Pitching for Virginia Beach Whales : RHP Jesús Ríos
Batting: LHB Tippi Degré 0-0: Ball
1-0: Ball
2-0: Foul Ball, location: 2F
2-1: Foul Ball, location: 2F
2-2: Ground out 4-3 (Groundball, 4, EV 85.0 MPH)
Batting: SHB Fernando Urby 0-0: Ball
1-0: Called Strike
1-1: Ball
2-1: Foul Ball, location: 2F
2-2: Fly out, F8 (Flyball, 78D, EV 106.9 MPH)
Batting: RHB Gene Blanton 0-0: Ball
1-0: Called Strike
1-1: Ball
2-1: Called Strike
2-2: Fly out, F8 (Line Drive, 8LD, EV 95.0 MPH)
Bottom of the 3rd over - 0 runs, 0 hits, 0 errors, 0 left on base; Virginia Beach 0 - St. Petersburg 2
TOP OF THE 4TH
Virginia Beach Whales batting - Pitching for St. Petersburg Thunder : RHP Lorenzo Carregosa
Batting: RHB Dave Thomas 0-0: Ball
1-0: Foul Ball, location: 2F
1-1: Foul Ball, location: 2F
1-2: Strikes out swinging
Batting: RHB Paul Pitts 0-0: Ball
1-0: Foul Ball, location: 2F
1-1: Fly out, F8 (Flyball, 78XD, EV 112.5 MPH)
Batting: LHB Keith Pick 0-0: Called Strike
0-1: Ball
1-1: Swinging Strike
1-2: Strikes out swinging
Top of the 4th over - 0 runs, 0 hits, 0 errors, 0 left on base; Virginia Beach 0 - St. Petersburg 2
BOTTOM OF THE 4TH
St. Petersburg Thunder batting - Pitching for Virginia Beach Whales : RHP Jesús Ríos
Batting: LHB Carlos Leyva 0-0: Ball
1-0: Called Strike
1-1: Foul Ball, location: 2F
1-2: Strikes out looking
Batting: RHB Alfred Coleman 0-0: Called Strike
0-1: Foul Ball, location: 2F
0-2: Ball
1-2: Foul Ball, location: 2F
1-2: Foul Ball, location: 2F
1-2: Ball
2-2: Ground out 4-3 (Groundball, 34, EV 86.9 MPH)
Batting: SHB Tekkan Hayagawa 0-0: Called Strike
0-1: Ball
1-1: Called Strike
1-2: Ball
2-2: Strikes out looking
Bottom of the 4th over - 0 runs, 0 hits, 0 errors, 0 left on base; Virginia Beach 0 - St. Petersburg 2
TOP OF THE 5TH
Virginia Beach Whales batting - Pitching for St. Petersburg Thunder : RHP Lorenzo Carregosa
Batting: LHB Henry Head 0-0: Foul Ball, location: 2F
0-1: Ball
1-1: Foul Ball, location: 2F
1-2: Ball
2-2: SINGLE (Groundball, 6D, EV 106.2 MPH)
Batting: LHB Asberry Harpending 0-0: Ball
1-0: Called Strike
1-1: Foul Ball, location: 2F
1-2: Ball
2-2: Strikes out swinging
Pitching: LHP Curt Moore
Batting: RHB Óscar Cardozo 0-0: Called Strike
0-1: Ball
1-1: Ball
2-1: Ball
3-1: Base on Balls
Henry Head to second
Batting: RHB Juan Oleastro 0-0: Ball
1-0: Called Strike
1-1: Ball
2-1: SINGLE (Line Drive, 8RS, EV 111.2 MPH)
Henry Head to third
Óscar Cardozo to second
Runner from 3rd tries for Home, SAFE, throw by CF to home
Batting: RHB Doug Chapman 0-0: Ball
1-0: Ball
2-0: Ball
3-0: Base on Balls
Óscar Cardozo to third
Juan Oleastro to second
Batting: RHB Pat Geldart 0-0: Ball
1-0: Called Strike
1-1: Ball
2-1: Ball
3-1: Foul Ball, location: 2F
3-2: Base on Balls
Óscar Cardozo scores
Juan Oleastro to third
Doug Chapman to second
Batting: RHB Dave Thomas 0-0: Called Strike
0-1: Foul Ball, location: 2F
0-2: Foul Ball, location: 2F
0-2: Foul Ball, location: 2F
0-2: Strikes out looking
Batting: RHB Paul Pitts 0-0: Ball
1-0: Called Strike
1-1: Swinging Strike
1-2: Foul Ball, location: 2F
1-2: Ball
2-2: Ground out 1-3 (Groundball, P, EV 72.5 MPH)
Top of the 5th over - 2 runs, 2 hits, 0 errors, 3 left on base; Virginia Beach 2 - St. Petersburg 2
BOTTOM OF THE 5TH
St. Petersburg Thunder batting - Pitching for Virginia Beach Whales : RHP Jesús Ríos
Batting: RHB David Filmer 0-0: Ball
1-0: Ball
2-0: Called Strike
2-1: Foul Ball, location: 2F
2-2: Ball
3-2: SINGLE (Groundball, 4M, EV 95.0 MPH)
Pitching: RHP Quan Yang
Batting: LHB Lorenzo Ortíz 0-0: Bunt missed!
0-1: Sac Bunt to 3S - play at first, batter OUT! 3-4
David Filmer to second
Batting: LHB Caspar Fewings 0-0: Swinging Strike
0-1: Fly out, F8 (Flyball, 8LD, EV 104.4 MPH)
Runner from 2nd tags up, SAFE at 3rd with throw by CF
Batting: LHB Tippi Degré 0-0: SINGLE (Groundball, 4M, EV 93.8 MPH)
David Filmer scores
Batting: SHB Fernando Urby 0-0: Called Strike
0-1: Foul Ball, location: 2F
0-2: Ball
1-2: Fly out, F8 (Flyball, 78M, EV 95.6 MPH)
Bottom of the 5th over - 1 run, 2 hits, 0 errors, 1 left on base; Virginia Beach 2 - St. Petersburg 3
TOP OF THE 6TH
Virginia Beach Whales batting - Pitching for St. Petersburg Thunder : LHP Curt Moore
Batting: LHB Keith Pick 0-0: Fly out, F9 (Line Drive, 89M, EV 94.4 MPH)
Batting: LHB Henry Head 0-0: Fly out, F4 (Popup, 4M, EV 73.8 MPH)
Batting: LHB Asberry Harpending 0-0: Ball
1-0: Ball
2-0: Ball
3-0: Called Strike
3-1: Ground out U3 (Groundball, 3, EV 82.5 MPH)
Top of the 6th over - 0 runs, 0 hits, 0 errors, 0 left on base; Virginia Beach 2 - St. Petersburg 3
BOTTOM OF THE 6TH
St. Petersburg Thunder batting - Pitching for Virginia Beach Whales : RHP Quan Yang
Batting: RHB Gene Blanton 0-0: Called Strike
0-1: SINGLE (Groundball, 6M, EV 90.6 MPH) (infield hit)
Batting: LHB Carlos Leyva 0-0: Ball
1-0: Ball
2-0: Ball
3-0: Base on Balls
Gene Blanton to second
Batting: RHB Alfred Coleman 0-0: Ball
1-0: Ball
2-0: Fly out, F2 (Popup, 2LF, EV 82.5 MPH)
Batting: SHB Tekkan Hayagawa 0-0: Ball
1-0: Foul Ball, location: 2F
1-1: Fly out, F8 (Flyball, 8LS, EV 93.1 MPH)
Batting: RHB David Filmer 0-0: Ball
1-0: Swinging Strike
1-1: Called Strike
1-2: Ground out U3 (Groundball, 34, EV 78.8 MPH)
Bottom of the 6th over - 0 runs, 1 hit, 0 errors, 2 left on base; Virginia Beach 2 - St. Petersburg 3
TOP OF THE 7TH
Virginia Beach Whales batting - Pitching for St. Petersburg Thunder : LHP Curt Moore
Batting: RHB Óscar Cardozo 0-0: Ball
1-0: Ground out 6-3 (Groundball, 6, EV 90.6 MPH)
Batting: RHB Juan Oleastro 0-0: Called Strike
0-1: Fly out, F7 (Flyball, 78D, EV 96.9 MPH)
Batting: RHB Doug Chapman 0-0: Ball
1-0: DOUBLE (Line Drive, 89M, EV 105.6 MPH)
Batting: RHB Pat Geldart 0-0: Ball
1-0: Called Strike
1-1: Called Strike
1-2: Fly out, F9 (Flyball, 9LS, EV 83.1 MPH)
Top of the 7th over - 0 runs, 1 hit, 0 errors, 1 left on base; Virginia Beach 2 - St. Petersburg 3
BOTTOM OF THE 7TH
St. Petersburg Thunder batting - Pitching for Virginia Beach Whales : RHP Quan Yang
Batting: LHB Lorenzo Ortíz 0-0: Called Strike
0-1: Called Strike
0-2: Fly out, F8 (Flyball, 8LD, EV 101.2 MPH)
Batting: LHB Caspar Fewings 0-0: Called Strike
0-1: Called Strike
0-2: Strikes out swinging
Batting: LHB Tippi Degré 0-0: Ball
1-0: Ground out 4-3 (Groundball, 34, EV 89.4 MPH)
Bottom of the 7th over - 0 runs, 0 hits, 0 errors, 0 left on base; Virginia Beach 2 - St. Petersburg 3
TOP OF THE 8TH
Virginia Beach Whales batting - Pitching for St. Petersburg Thunder : LHP Curt Moore
Batting: RHB Dave Thomas 0-0: Called Strike
0-1: Ball
1-1: Foul Ball, location: 2F
1-2: Strikes out swinging
Batting: RHB Paul Pitts 0-0: Ball
1-0: Foul Ball, location: 2F
1-1: Called Strike
1-2: Ball
2-2: Fly out, F8 (Line Drive, 8RD, EV 84.4 MPH)
Batting: LHB Keith Pick 0-0: Foul Ball, location: 2F
0-1: Ball
1-1: DOUBLE (Flyball, 8RXD, EV 103.1 MPH)
Pitching: LHP Benny Berry
Pinch Hitting: RHB Sergio San Martín 0-0: Foul Ball, location: 2F
0-1: DOUBLE (Line Drive, 7LD, EV 104.4 MPH)
Keith Pick scores
Batting: LHB Asberry Harpending 0-0: Ball
1-0: Foul Ball, location: 2F
1-1: SINGLE (Line Drive, 6D, EV 93.8 MPH)
Sergio San Martín to third
Runner from 3rd tries for Home, SAFE, throw by CF to home
Batting: RHB Óscar Cardozo 0-0: Called Strike
0-1: Ball
1-1: Foul Ball, location: 2F
1-2: Fly out, F7 (Line Drive, 7, EV 92.5 MPH)
Top of the 8th over - 2 runs, 3 hits, 0 errors, 1 left on base; Virginia Beach 4 - St. Petersburg 3
BOTTOM OF THE 8TH
St. Petersburg Thunder batting - Pitching for Virginia Beach Whales : RHP Quan Yang
Now in LF: Roberto González
Batting: SHB Fernando Urby 0-0: Ball
1-0: Ball
2-0: Ball
3-0: Called Strike
3-1: Called Strike
3-2: Foul Ball, location: 2F
3-2: Ground out 4-3 (Groundball, 4, EV 83.8 MPH)
Batting: RHB Gene Blanton 0-0: Swinging Strike
0-1: Called Strike
0-2: Ball
1-2: Ball
2-2: SOLO HOME RUN (Line Drive, 78XD, EV 96.2 MPH), Distance : 412 ft
Batting: LHB Carlos Leyva 0-0: Ground out U3 (Groundball, 34, EV 84.4 MPH)
Batting: RHB Alfred Coleman 0-0: Ball
1-0: Ball
2-0: Ball
3-0: Base on Balls
Pitching: RHP Martin Rumbolt
Batting: SHB Tekkan Hayagawa 0-0: Ground out 4-3 (Groundball, 34D, EV 107.5 MPH)
Bottom of the 8th over - 1 run, 1 hit, 0 errors, 1 left on base; Virginia Beach 4 - St. Petersburg 4
TOP OF THE 9TH
Virginia Beach Whales batting - Pitching for St. Petersburg Thunder : LHP Benny Berry
Batting: RHB Juan Oleastro 0-0: Ball
1-0: Called Strike
1-1: Ball
2-1: Foul Ball, location: 2F
2-2: Ball
3-2: Base on Balls
Batting: RHB Doug Chapman 0-0: Called Strike
0-1: Fly out, F3 (Popup, 3F, EV 77.5 MPH)
Batting: RHB Pat Geldart 0-0: Called Strike
0-1: Called Strike
0-2: Grounds into double play, 1-6-3 (Groundball, 13S, EV 66.2 MPH)
Top of the 9th over - 0 runs, 0 hits, 0 errors, 0 left on base; Virginia Beach 4 - St. Petersburg 4
BOTTOM OF THE 9TH
St. Petersburg Thunder batting - Pitching for Virginia Beach Whales : RHP Martin Rumbolt
Batting: RHB David Filmer 0-0: Ball
1-0: Called Strike
1-1: Ball
2-1: Foul Ball, location: 2F
2-2: Ball
3-2: Foul Ball, location: 2F
3-2: Foul Ball, location: 2F
3-2: Strikes out looking
Batting: LHB Lorenzo Ortíz 0-0: Called Strike
0-1: SINGLE (Groundball, 34D, EV 105.6 MPH)
Batting: LHB Caspar Fewings 0-0: Ball
1-0: Ground out U3 (Groundball, 3, EV 88.1 MPH)
Lorenzo Ortíz to second
Batting: LHB Tippi Degré 0-0: Ground out 1-3 (Groundball, 13S, EV 64.4 MPH)
Bottom of the 9th over - 0 runs, 1 hit, 0 errors, 1 left on base; Virginia Beach 4 - St. Petersburg 4
TOP OF THE 10TH
Virginia Beach Whales batting - Pitching for St. Petersburg Thunder : LHP Benny Berry
Pitching: RHP Wilbert Gallegos
Batting: RHB Dave Thomas 0-0: Ball
1-0: Swinging Strike
1-1: Ball
2-1: Ground out 4-3 (Groundball, 4, EV 88.1 MPH)
Batting: RHB Paul Pitts 0-0: Foul Ball, location: 2F
0-1: Ball
1-1: Foul Ball, location: 2F
1-2: Ball
2-2: Foul Ball, location: 2F
2-2: Ground out 5-3 (Groundball, 5, EV 100.0 MPH)
Batting: LHB Keith Pick 0-0: Swinging Strike
0-1: Ball
1-1: Called Strike
1-2: SINGLE (Line Drive, 34D, EV 96.2 MPH)
Batting: RHB Roberto González 0-0: Ball
1-0: 2-RUN HOME RUN (Flyball, 89XD, EV 93.8 MPH), Distance : 409 ft
Batting: LHB Asberry Harpending 0-0: Called Strike
0-1: Foul Ball, location: 2F
0-2: Foul Ball, location: 2F
0-2: Ball
1-2: Ball
2-2: Ball
3-2: Base on Balls
Batting: RHB Óscar Cardozo 0-0: Swinging Strike
0-1: Ball
1-1: Fly out, F7 (Flyball, 7LSF, EV 86.9 MPH)
Top of the 10th over - 2 runs, 2 hits, 0 errors, 1 left on base; Virginia Beach 6 - St. Petersburg 4
BOTTOM OF THE 10TH
St. Petersburg Thunder batting - Pitching for Virginia Beach Whales : RHP Martin Rumbolt
Pitching: LHP Mike Park
Batting: SHB Fernando Urby 0-0: Ball
1-0: Called Strike
1-1: Ground out 6-3 (Groundball, 6, EV 80.0 MPH)
Batting: RHB Gene Blanton 0-0: Ground out 1-3 (Groundball, 13S, EV 66.9 MPH)
Batting: LHB Carlos Leyva 0-0: Fly out, F7 (Flyball, 78S, EV 90.0 MPH)
Bottom of the 10th over - 0 runs, 0 hits, 0 errors, 0 left on base; Virginia Beach 6 - St. Petersburg 4
Tuesday, January 5th, 2021 - OOTP Baseball 20.8 Build 74